 Dungeon Crawl Stone Soup version 0.31.0-9-g3a7656b989 (webtiles) character file.

Game seed: 1440506877661973230

196 qw the Skirmisher (level 5, -4/29 HPs)
             Began as a Deep Elf Hunter on Feb 2, 2024.
             Slain by a phantom (7 damage)
             ... on level 5 of the Dungeon.
             The game lasted 00:00:07 (1474 turns).

qw the Skirmisher (Deep Elf Hunter)                 Turns: 1474, Time: 00:00:07

Health: -4/29      AC:  3    Str: 10    XL:     5   Next: 45%
Magic:  7/7        EV: 12    Int: 14    God:
Gold:   196        SH:  0    Dex: 18    Spells: 4/4 levels left

rFire   . . .        a - +0 shortbow (flame)
rCold   . . .        (shield currently unavailable)
rNeg    . . .        c - +0 leather armour
rPois   .            (no helmet)
rElec   .            (no cloak)
rCorr   .            (no gloves)
SInv    +            (no boots)
Will    .....        (no amulet)
Stlth   ++           d - ring of see invisible
HPRegen 0.24/turn    (no ring)
MPRegen 0.10/turn

%: no passive effects
@: no status effects
A: no striking features
a: no special abilities


You were on level 5 of the Dungeon.
You visited 1 branch of the dungeon, and saw 4 of its levels.

You collected 196 gold pieces.


   Skills:
 - Level 1.5 Fighting
 - Level 9.0 Ranged Weapons
 + Level 2.4 Dodging
 - Level 1.2 Stealth


You had 4 spell levels left.
You didn't know any spells.
Your spell library was empty.

Inventory:

Hand Weapons
 a - a +0 shortbow of flaming (weapon)
Armour
 c - a +0 leather armour (worn)
 f - a +0 ring mail
Jewellery
 d - a ring of see invisible (left hand)
Scrolls
 g - a scroll of identify {unknown}
Potions
 b - a potion of heal wounds {unknown}
 e - a potion of degeneration {unknown}

Dungeon Overview and Level Annotations

Branches:
Dungeon (3/15)

Altars:


Message History

The arrow hits the phantom but does no damage.
You shoot an arrow. The arrow barely misses the phantom.
You shoot an arrow. The arrow hits the phantom!
The arrow burns the phantom.
The phantom is moderately damaged.
The phantom hits you.
You shoot an arrow.
The arrow hits the phantom but does no damage.
The phantom is moderately damaged.
The phantom hits you.
The phantom blinks!
You blink.
You shoot an arrow. The arrow closely misses the phantom.
The phantom barely misses you.
You shoot an arrow. The arrow hits the phantom.
The arrow burns the phantom.
The phantom is heavily damaged.
The phantom closely misses you.
You shoot an arrow. The arrow barely misses the phantom.
The phantom hits you!
You shoot an arrow. The arrow hits the phantom.
The arrow burns the phantom.
The phantom is heavily damaged.
The phantom hits you but does no damage.
You shoot an arrow. The arrow hits the phantom!
The arrow burns the phantom.
The phantom is severely damaged.
The phantom hits you.
You shoot an arrow. The arrow misses the phantom.
The phantom barely misses you.
You shoot an arrow. The arrow hits the phantom.
The arrow burns the phantom.
The phantom is almost destroyed.
The phantom hits you.
You shoot an arrow. The arrow barely misses the phantom.
The phantom hits you but does no damage.
You shoot an arrow. The arrow closely misses the phantom.
The phantom closely misses you.
You shoot an arrow.
The arrow hits the phantom but does no damage.
The phantom is almost destroyed.
The phantom hits you.
You shoot an arrow. The arrow barely misses the phantom.
The phantom misses you.
You shoot an arrow. The arrow misses the phantom.
The phantom hits you!
You die...

....# #########....#.
............... #####
#.............# #...#
#............######...###
#................).......
#.......>.# #######...###
#.........# #............
########@.# #.#####...###
#......W.###.###........
#.######.#.....#.#######
#.#...#.#.#
#.#####.#.#######
#.......#........
#################


You could see a phantom.

Vanquished Creatures
  Jessica (D:3)
  Natasha (twice) (D:2)
  Terence (D:3)
  3 adders
  5 dart slugs
  A ribbon worm (D:2)
  A ball python (D:1)
  6 endoplasms
  2 giant cockroaches (D:2)
  10 goblins
  6 hobgoblins
  A bat (D:3)
  13 frilled lizards
  4 kobolds
  4 rats
60 creatures vanquished.

Notes
Turn   | Place    | Note
-------+----------+-------------------------------------------
     0 | D:1      | qw the Deep Elf Hunter began the quest for the Orb.
     0 | D:1      | Reached XP level 1. HP: 12/12 MP: 3/3
     0 | D:1      | 0 ||| qw: Version: 0.3-a-155-g5e7d8dd
     0 | D:1      | 0 ||| qw: Game counter: 2117
     0 | D:1      | 0 ||| qw: Melee chars always use a shield: true
     0 | D:1      | 0 ||| qw: God list: Okawaru
     0 | D:1      | 0 ||| qw: Allow faded altars: false
     0 | D:1      | 0 ||| qw: Do Orc after clearing Dungeon:15 true
     0 | D:1      | 0 ||| qw: Do second Lair branch before Depths: true
     0 | D:1      | 0 ||| qw: Lair rune preference: random
     0 | D:1      | 0 ||| qw: Goals: Normal
     0 | D:1      | 0 ||| PLANNING D:1-11
    67 | D:1      | Reached XP level 2. HP: 16/16 MP: 4/4
    71 | D:1      | Reached skill level 6 in Ranged Weapons
   133 | D:1      | Found a faded altar of an unknown god.
   258 | D:1      | Reached XP level 3. HP: 20/20 MP: 5/5
   431 | D:1      | 431 ||| READING scroll labelled MALIDO TYUN.
   532 | D:1      | 532 ||| READING scroll labelled POTTYW DIREDGH.
   533 | D:1      | 533 ||| READING scroll labelled FEPRID DYUGAD.
   533 | D:1      | 533 ||| BRANDING +0 shortbow.
   534 | D:1      | 534 ||| DRINKING 2 lumpy silvery potions.
   535 | D:1      | 535 ||| DROPPING scroll of butterflies.
   537 | D:1      | 537 ||| Stepping ~*~*~tactically~*~*~ (cloud).
   537 | D:1      | HP: 3/20 [poisoned by you (poison gas)]
   538 | D:1      | 538 ||| DRINKING potion of curing.
   538 | D:1      | 538 ||| (to cure poison)
   687 | D:2      | Reached skill level 7 in Ranged Weapons
   800 | D:2      | Noticed Natasha
   810 | D:2      | Killed Natasha
   811 | D:2      | Reached XP level 4. HP: 10/25 MP: 6/6
   928 | D:2      | Noticed Natasha
   930 | D:2      | Killed Natasha
   931 | D:2      | Reached skill level 8 in Ranged Weapons
  1169 | D:2      | 1169 ||| FLEEEEING.
  1170 | D:2      | 1170 ||| FLEEEEING.
  1231 | D:2      | 1231 ||| UPGRADING to ring of see invisible.
  1232 | D:2      | 1232 ||| DRINKING 2 blue potions.
  1233 | D:2      | 1233 ||| DROPPING potion of attraction.
  1292 | D:3      | Noticed Jessica
  1293 | D:3      | Killed Jessica
  1294 | D:3      | Reached XP level 5. HP: 29/29 MP: 7/7
  1305 | D:3      | Noticed Terence
  1309 | D:3      | Killed Terence
  1393 | D:3      | You fall into a shaft and drop 2 floors!
  1393 | D:5      | Entered Level 5 of the Dungeon
  1435 | D:5      | Reached skill level 9 in Ranged Weapons
  1455 | D:5      | Noticed a phantom
  1469 | D:5      | HP: 6/29 [phantom (6)]
  1474 | D:5      | Slain by a phantom

Levels and vault maps discovered:
D:1:      matt_arrival_refuge, layout_rooms, shapermc_ecumenical_altar_pompeii,
          minmay_misc_feat_columns
D:2:      layout_rooms, minmay_lizard_king, uniq_natasha
D:3:      minmay_angry_zag, layout_loops_ring,
          mainiacjoe_overflow_six_doors_small, serial_shops,
          nicolae_shop_statue_plus, minmay_misc_feat_tiny, uniq_jessica,
          uniq_crazy_yiuf_cottage, uniq_terence
D:5:      layout_basic, nicolae_ru_awakened_eye,
          minmay_temple_entry_stoned_glass, uniq_menkaure, uniq_grinder

Skill      XL: |  1  2  3  4  5 |
---------------+----------------+-----
Ranged Weapons | 6 7 8 9 |  9.0
Fighting       | |  1.5
Dodging        | |  2.4
Stealth        | |  1.2

Action                     |  1- 3 |  4- 6 || total
---------------------------+-------+-------++-------
   Fire: Shortbow          |    92 |    71 ||   163
    Use: Scroll            |     3 |       ||     3
         Potion            |     2 |     1 ||     3
 Armour: Leather armour    |     9 |    19 ||    28
  Dodge: Dodged            |    14 |    11 ||    25

Table legend:
 A = Non-vault XP
 B = Vault XP
 C = Vault XP percentage of total XP
 D = Non-vault monster count
 E = Vault monster count
 F = Vault count percentage of total count
                 A         B        C        D         E       F
            +---------+---------+-------+---------+---------+-------
      Total |     165 |     115 |  41.1 |      51 |       9 |  15.0
            +---------+---------+-------+---------+---------+-------
        D:1 |      51 |       0 |   0.0 |      26 |       0 |   0.0
        D:2 |      95 |      42 |  30.7 |      20 |       7 |  25.9
        D:3 |       6 |      73 |  92.4 |       4 |       2 |  33.3
        D:5 |      13 |       0 |   0.0 |       1 |       0 |   0.0
            +---------+---------+-------+---------+---------+-------
